 Dungeon Crawl Stone Soup version 0.22.1 (webtiles) character file.

112 Fang the Chopper (level 4, -5/29 HPs)
             Began as a Gargoyle Berserker on Sept 18, 2018.
             Was a Believer of Trog.
             Killed by nerve-wracking pain
             ... invoked by Grinder
              (6 damage)
             ... on level 3 of the Dungeon.
             The game lasted 00:02:17 (1946 turns).

Fang the Chopper (Gargoyle Berserker)               Turns: 1946, Time: 00:02:17

Health: -5/29      AC:  5    Str: 21    XL:     4   Next: 93%
Magic:  4/4        EV: 12    Int:  8    God:    Trog [**....]
Gold:   120        SH:  0    Dex:  9    Spells: 3/3 levels left

rFire    . . .     SeeInvis .   a - +0 hand axe
rCold    . . .     Gourm    .   (no shield)
rNeg     + . .     Faith    .   b - +0 animal skin
rPois    ∞         Spirit   .   (no helmet)
rElec    +         Reflect  .   (no cloak)
rCorr    .         Harm     .   (no gloves)
MR       .....                  (no boots)
Stlth    ++........             (no amulet)
HPRegen  0.09/turn              (no ring)
MPRegen  0.09/turn              (no ring)

@: berserk cooldown, slowed, very slow
A: negative energy resistance 1, electricity resistance, unbreathing,
petrification resistance, rot immunity, AC +3
a: Berserk, Trog's Hand, Renounce Religion


You were on level 3 of the Dungeon.
You worshipped Trog.
Trog was pleased with you.
You were hungry.

You visited 1 branch of the dungeon, and saw 3 of its levels.

You collected 120 gold pieces.

Inventory:

Hand Weapons
 a - a +0 hand axe (weapon)
Armour
 b - a +0 animal skin (worn)
Scrolls
 d - a scroll of immolation {unknown}
 f - 6 scrolls of remove curse {unknown}
 g - 2 scrolls of fog {unknown}
 h - 5 scrolls of identify {unknown}
 k - a scroll of teleportation {unknown}
Potions
 e - 2 potions of resistance {unknown}
 i - a potion of agility {unknown}
 j - a potion of flight {unknown}
 l - a potion of curing {unknown}
 m - a potion of might {unknown}
Comestibles
 c - 9 rations


   Skills:
 + Level 3.6 Fighting
 + Level 3.9 Axes
 + Level 2.3 Armour
 + Level 2.3 Dodging
 + Level 1.8 Stealth


You had 3 spell levels left.
You didn't know any spells.
Your spell library was empty.

Dungeon Overview and Level Annotations

Branches:
Dungeon (3/15)

Altars:
Cheibriados
Elyvilon
Fedhas
Uskayaw
The Shining One

Annotations:
D:2 exclusion: oklob plant
D:3 Grinder


Innate Abilities, Weirdness & Mutations

You are resistant to torment.
Your stone body is resilient. (AC +3)
You are immune to poison.
You resist negative energy. (rN+)
You are resistant to electric shocks. (rElec)
You can survive without breathing.
You are immune to petrification.
You are immune to rotting.


Message History

You are too injured to fight recklessly!
You are too injured to fight recklessly!
You are too injured to fight recklessly!
You barely miss Grinder.
Grinder is almost dead.
Grinder gestures at you.
You barely resist.
Grinder blinks!
Grinder hits you but does no damage. Grinder gestures at you.
Pain shoots through your body!
* * * LOW HITPOINT WARNING * * *
Grinder barely misses you. Grinder closely misses you. Grinder hits you.
* * * LOW HITPOINT WARNING * * *
You writhe in agony.
* * * LOW HITPOINT WARNING * * *
Grinder blinks!
Grinder gestures at you. Pain shoots through your body!
You die...

........... ..........#
..........#
........#######
.............
#.........##
...##........@<#
............§.##
#+###.........+
.............#
.............)#
.............5#
###..............#######
.......................##
........##############..#


You could see Grinder.

Vanquished Creatures
  An iguana (D:3)
  3 adders
  2 oozes
  2 worms (D:2)
  A leopard gecko (D:1)
  An orc (D:3)
  A giant cockroach (D:1)
  4 goblins
  2 hobgoblins
  9 kobolds
  A quokka (D:3)
  5 bats
  6 frilled lizards
  9 rats
47 creatures vanquished.

Vanquished Creatures (others)
  3 minotaurs (D:1)
  A gargoyle (D:1)
  An elf (D:1)
  A troll (D:1)
  A formicid (D:1)
  2 humans (D:1)
  A dwarf (D:1)
  3 centaurs (D:1)
  An ogre (D:1)
  A kobold (D:1)
  5 tentacles (D:1)
20 creatures vanquished.

Grand Total: 67 creatures vanquished

Notes
Turn   | Place    | Note
-------+----------+-------------------------------------------
     0 | D:1      | Fang the Gargoyle Berserker began the quest for the Orb.
     0 | D:1      | Reached XP level 1. HP: 14/14 MP: 1/1
     2 | D:1      | Noticed a minotaur
     2 | D:1      | Noticed a centaur
     2 | D:1      | Noticed a formicid
     2 | D:1      | Noticed a minotaur
     2 | D:1      | Noticed a troll
     2 | D:1      | Noticed a human
     2 | D:1      | Noticed a centaur
     2 | D:1      | Noticed a gargoyle
     2 | D:1      | Noticed a kraken
     2 | D:1      | Noticed a minotaur
     2 | D:1      | Noticed a human
     2 | D:1      | Noticed an ogre
     2 | D:1      | Noticed an elf
     2 | D:1      | Noticed a centaur
     2 | D:1      | Noticed a dwarf
     3 | D:1      | Killed a human
     6 | D:1      | Killed a gargoyle
     6 | D:1      | Killed an elf
     6 | D:1      | Killed a centaur
     8 | D:1      | Killed a human
     8 | D:1      | Killed a minotaur
    10 | D:1      | Killed an ogre
    10 | D:1      | Killed a formicid
    11 | D:1      | Killed a dwarf
    12 | D:1      | Killed a centaur
    13 | D:1      | Killed a minotaur
    14 | D:1      | Killed a minotaur
    15 | D:1      | Killed a centaur
    16 | D:1      | Killed a troll
   317 | D:1      | Reached XP level 2. HP: 17/19 MP: 2/2
   928 | D:2      | Reached ** piety under Trog
   939 | D:2      | Reached XP level 3. HP: 15/23 MP: 3/3
  1033 | D:2      | Found a white marble altar of Elyvilon.
  1495 | D:2      | Found a blossoming altar of Fedhas.
  1505 | D:2      | Noticed an oklob plant
  1670 | D:3      | Reached XP level 4. HP: 25/28 MP: 4/4
  1671 | D:3      | Found a glowing golden altar of the Shining One.
  1676 | D:3      | Reached skill level 1 in Stealth
  1722 | D:3      | Found a hide-covered altar of Uskayaw.
  1765 | D:3      | Found a snail-covered altar of Cheibriados.
  1911 | D:3      | Noticed Grinder
  1944 | D:3      | HP: 1/29 [Grinder (1)]
  1946 | D:3      | Killed from afar by Grinder

Skill      XL: |  1  2  3  4 |
---------------+-------------+-----
Axes           | 3 |  3.9
Dodging        | 2 |  2.3
Stealth        | 1 |  1.8
Fighting       | |  3.6
Armour         | |  2.3

Action                   |  1- 3 |  4- 6 || total
-------------------------+-------+-------++-------
Melee: Hand axe          |   140 |    49 ||   189
Invok: Berserk           |       |     2 ||     2
 Stab: Sleeping          |       |     2 ||     2
  Eat: Chunk             |     2 |     3 ||     5
Armor: Animal skin       |    41 |    16 ||    57
Dodge: Dodged            |    94 |    31 ||   125
